 Dungeon Crawl Stone Soup version 0.27-a0-65-gfb268537a3 (webtiles) character file.

Game seed: 18406125987383277128

359 jusk the Insei (level 6, -2/47 HPs)
             Began as a Demonspawn Monk on Jan 8, 2021.
             Was a Follower of Ru.
             Slain by Edmund
             ... wielding a +0 flail of protection
              (5 damage)
             ... on level 4 of the Dungeon.
             The game lasted 00:15:27 (6386 turns).

jusk the Insei (Demonspawn Monk)                    Turns: 6386, Time: 00:15:28

Health: -2/47      AC:  3    Str: 11    XL:     6   Next: 37%
Magic:  6/6        EV: 13    Int: 11    God:    Ru [*.....]
Gold:   200        SH:  0    Dex: 18    Spells: 5/5 levels left

rFire    + . .     SeeInvis .     - Unarmed
rCold    . . .     Faith    .   (no shield)
rNeg     . . .     Spirit   .   a - +0 robe
rPois    .         Reflect  .   (no helmet)
rElec    .         Harm     .   (no cloak)
rCorr    +         Rampage  .   x - +0 pair of gloves
Will     .....                  (no boots)
Stlth    ++........             (no amulet)
HPRegen  0.15/turn              h - ring of resist corrosion
MPRegen  0.10/turn              s - ring of protection from fire

@: no status effects
A: powered by pain 2, spiny 1, no conjurations magic, no earth magic, no
transmutations magic
a: Renounce Religion


You were on level 4 of the Dungeon.
You worshipped Ru.
Ru was aware of your devotion.
You visited 1 branch of the dungeon, and saw 5 of its levels.

You collected 200 gold pieces.

Inventory:

Missiles
 b - 89 stones (quivered)
Armour
 a - a +0 robe (worn)
 x - a +0 pair of gloves (worn)
Jewellery
 h - a ring of resist corrosion (left hand)
 s - a ring of protection from fire (right hand)
Wands
 t - a wand of digging (5)
 v - a wand of random effects (18)
Scrolls
 d - a scroll of fear {unknown}
 j - 3 scrolls of fog {unknown}
 l - a scroll of amnesia
 m - a scroll of teleportation {unknown}
 n - 3 scrolls of remove curse {unknown}
 o - 2 scrolls of identify {unknown}
 q - 2 scrolls of enchant armour {unknown}
 r - a scroll of magic mapping {unknown}
 u - a scroll of random uselessness {unknown}
Potions
 c - 2 potions of haste
 e - a potion of attraction {unknown}
 f - 3 potions of curing
 g - 3 potions of degeneration
 i - a potion of brilliance {unknown}
 k - a potion of cancellation {unknown}
 p - a potion of heal wounds {unknown}
 w - a potion of ambrosia {unknown}


   Skills:
 - Level 3.0 Fighting
 - Level 2.6 Dodging
 - Level 1.7 Stealth
 * Level 6.6 Unarmed Combat


You had 5 spell levels left.
You didn't know any spells.
Your spell library was empty.

Dungeon Overview and Level Annotations

Branches:
Dungeon (5/15)
 Temple: D:4-7

Altars:
Ashenzari
Gozag
Okawaru
Ru
Yredelemnul

Shops:
D:4 *

Annotations:
D:4 Edmund


Innate Abilities, Weirdness & Mutations

You sometimes gain power by taking damage.
You are partially covered in sharp spines.
You cannot study or cast Conjurations magic.
You cannot study or cast Earth magic.
You cannot study or cast Transmutations magic.


Message History

You hit Edmund.
Edmund is almost dead.
Edmund hits you with a +0 flail of protection!
* * * LOW HITPOINT WARNING * * *
You hit Edmund but do no damage.
Edmund is almost dead.
Edmund hits you with a +0 flail of protection.
* * * LOW HITPOINT WARNING * * *
You hit Edmund.
Edmund is almost dead.
You hit Edmund but do no damage.
Edmund is almost dead.
Edmund barely misses you.
You hit Edmund but do no damage.
Edmund is almost dead.
Edmund barely misses you.
You closely miss Edmund.
Edmund is almost dead.
Edmund hits you with a +0 flail of protection.
You die...

..>.>........#
#.##.########
..<.......#### #....#
..........# ######
#.........# #.........#
#.........# #########
...###.##.##..........#
##.###.#....#.#######.#
#.........###.@@..##.#
#####.#....#.####.##.#
#.##.##.#
#.##.########### #.# .#
#...............
#####.# #
#.....###.###### ...#.#
#.##.## #.# ##.#.# #.
#.##.# #.# #....# #.
#.##.# #.# #..### #.
#.##.# #.#


You could see Edmund.

Vanquished Creatures
  A phantom (D:4)
  A water moccasin skeleton (D:4)
  A worker ant (D:3)
  A killer bee zombie (D:3)
  A hound skeleton (D:4)
  6 adders
  An ooze (D:2)
  A worm (D:2)
  8 dart slugs
  2 leopard geckos
  4 orcs
  17 bats
  2 giant cockroaches (D:4)
  8 goblins
  5 hobgoblins
  10 jackals
  2 quokkas (D:3)
  8 frilled lizards
  4 kobolds
  7 rats
90 creatures vanquished.

Notes
Turn   | Place    | Note
-------+----------+-------------------------------------------
     0 | D:1      | jusk the Demonspawn Monk began the quest for the Orb.
     0 | D:1      | Reached XP level 1. HP: 18/18 MP: 1/1
   261 | D:1      | Reached skill level 3 in Unarmed Combat
   397 | D:1      | Gained mutation: You sometimes gain a little power by
                  | taking damage. [demonic ancestry]
   397 | D:1      | Reached XP level 2. HP: 21/24 MP: 2/2
   890 | D:1      | Reached XP level 3. HP: 20/29 MP: 3/3
  1303 | D:2      | Reached skill level 4 in Unarmed Combat
  1890 | D:2      | Gained mutation: You sometimes gain power by taking damage.
                  | [demonic ancestry]
  1890 | D:2      | Reached XP level 4. HP: 23/35 MP: 4/4
  2407 | D:2      | Found a sacrificial altar of Ru.
  2413 | D:2      | Became a worshipper of Ru the Awakened
  2419 | D:2      | Found a broken altar of Ashenzari.
  2422 | D:2      | Found a basalt altar of Yredelemnul.
  2604 | D:3      | Gained mutation: You cannot study or cast Earth magic. [Ru
                  | sacrifice]
  2604 | D:3      | Gained mutation: You cannot study or cast Transmutations
                  | magic. [Ru sacrifice]
  2604 | D:3      | Gained mutation: You cannot study or cast Conjurations
                  | magic. [Ru sacrifice]
  2604 | D:3      | Reached * piety under Ru
  2621 | D:3      | Found an iron altar of Okawaru.
  3061 | D:3      | Found an opulent altar of Gozag.
  3408 | D:3      | Reached skill level 5 in Unarmed Combat
  3918 | D:3      | Reached XP level 5. HP: 2/41 MP: 5/5
  5026 | D:4      | HP: 2/41 [water moccasin skeleton (6)]
  5030 | D:4      | Reached skill level 6 in Unarmed Combat
  5222 | D:4      | Noticed a phantom
  5382 | D:5      | Entered Level 5 of the Dungeon
  5974 | D:4      | Killed a phantom
  5975 | D:4      | Gained mutation: You are partially covered in sharp spines.
                  | [demonic ancestry]
  5975 | D:4      | Reached XP level 6. HP: 15/47 MP: 6/6
  6304 | D:4      | Found Fyxzo's Fabulous Fripperies.
  6355 | D:4      | Noticed Edmund
  6386 | D:4      | Slain by Edmund

Illustrated notes

Levels and vault maps discovered:
D:1:      tarquinn_simple_flora_water_b, layout_loops_ring, minmay_ruptured
D:2:      layout_basic, grunt_temple_overflow_diamond
D:3:      layout_loops_ring, okawaru_trees_2, grunt_gozag_statues,
          grunt_ministairs_4, minmay_quadrilaterals
D:4:      layout_loops_ring, nicolae_alphabet_shops, uniq_edmund
D:5:      minmay_clustersquares, layout_loops_cross,
          nemelex_xobeh_ov_fountains_minmay, minmay_temple_entry_proselytizer,
          minmay_misc_feat_x

Skill      XL: |  1  2  3  4  5 |
---------------+----------------+-----
Unarmed Combat | 3 4 5 6 |  6.6
Fighting       | |  3.0
Dodging        | |  2.6
Stealth        | |  1.7

Action                   |  1- 3 |  4- 6 || total
-------------------------+-------+-------++-------
Melee: Unarmed           |   157 |   244 ||   401
       Punch             |     3 |    10 ||    13
Throw: Stone             |    25 |       ||    25
Invok: Sacrifice Arcana  |       |     1 ||     1
  Use: Scroll            |     2 |       ||     2
       Potion            |       |     4 ||     4
 Stab: Sleeping          |     2 |     8 ||    10
Armor: Robe              |    38 |    19 ||    57
Dodge: Dodged            |   129 |   119 ||   248

Table legend: (Time is in decaauts)
 A = Elapsed time spent in this place.
 B = Non-inter-level travel time spent in this place.
 C = Inter-level travel time spent in this place.
 D = Time resting spent in this place.
 E = Time spent auto-exploring this place.
 F = Levels seen in this place.
 G = Mean time per level.
                   A        B        C        D        E       F      G
               +--------+--------+--------+--------+--------+-----+--------+
         Total |   6333 |   6306 |     27 |   2446 |   2747 |   5 | 1266.6 |
       Dungeon |   6333 |   6306 |     27 |   2446 |   2747 |   5 | 1266.6 |
               +--------+--------+--------+--------+--------+-----+--------+

Top non-repeatable levels by time:
     D:3: 2242 daAuts
     D:2: 1331 daAuts
     D:1: 1230 daAuts
     D:4: 997 daAuts
     D:5: 532 daAuts
